| TOP OF THE 1ST |
|
Dunedin Rangers batting - Pitching for Port Lavaca Indians : LHP Lester Strode
|
|
Pitching: LHP Lester Strode
|
|
|
Batting: RHB Jacob Brumfield
|
0-0: Ball 1-0: Ball 2-0: Foul Ball, location: 2F 2-1: Foul Ball, location: 2F 2-2: Ball 3-2: Foul Ball, location: 2F 3-2: Fly out, F4 (Popup, 4M, EV 53.1 MPH)
|
|
Batting: LHB Mike L Hart
|
0-0: Ball 1-0: Ball 2-0: Swinging Strike 2-1: Called Strike 2-2: Strikes out swinging
|
|
Batting: RHB Glenn Wilson
|
0-0: SINGLE (Groundball, 25, EV 68.1 MPH) (infield hit)
|
|
Batting: RHB Edgar Martinez
|
0-0: Ball 1-0: Foul Ball, location: 2F 1-1: Foul Ball, location: 2F 1-2: Strikes out swinging
|
| Top of the 1st over - 0 runs, 1 hit, 0 errors, 1 left on base; Dunedin 0 - Port Lavaca 0 |
| BOTTOM OF THE 1ST |
|
Port Lavaca Indians batting - Pitching for Dunedin Rangers : RHP Ron Darling
|
|
Pitching: RHP Ron Darling
|
|
|
Batting: LHB William Tirado
|
0-0: Ground out 4-3 (Groundball, 4, EV 84.4 MPH)
|
|
Batting: RHB Geoff Petersen
|
0-0: Called Strike 0-1: Ball 1-1: Ball 2-1: Foul Ball, location: 2F 2-2: Ball 3-2: Fly out, F7 (Flyball, 7S, EV 86.3 MPH)
|
|
Batting: LHB Wally Joyner
|
0-0: Ball 1-0: Called Strike 1-1: Foul Ball, location: 2F 1-2: Ball 2-2: Strikes out swinging
|
| Bottom of the 1st over - 0 runs, 0 hits, 0 errors, 0 left on base; Dunedin 0 - Port Lavaca 0 |
| TOP OF THE 2ND |
|
Dunedin Rangers batting - Pitching for Port Lavaca Indians : LHP Lester Strode
|
|
Batting: LHB Ty Van Burkleo
|
0-0: Called Strike 0-1: Ball 1-1: SINGLE (Line Drive, 8RS, EV 88.1 MPH)
|
|
Batting: RHB John Gibbons
|
0-0: Swinging Strike 0-1: Called Strike 0-2: Strikes out looking
|
|
Batting: SHB Todd Benzinger
|
0-0: Ball 1-0: Called Strike 1-1: Fly out, F6 (Popup, 6D, EV 51.9 MPH)
|
|
Batting: RHB Gary Thurman
|
0-0: Foul Ball, location: 2F 0-1: Foul Ball, location: 2F 0-2: Foul Ball, location: 2F 0-2: Ball 1-2: Strikes out swinging
|
| Top of the 2nd over - 0 runs, 1 hit, 0 errors, 1 left on base; Dunedin 0 - Port Lavaca 0 |
| BOTTOM OF THE 2ND |
|
Port Lavaca Indians batting - Pitching for Dunedin Rangers : RHP Ron Darling
|
|
Batting: SHB John Rigos
|
0-0: Swinging Strike 0-1: Swinging Strike 0-2: Ball 1-2: Ball 2-2: Foul Ball, location: 2F 2-2: Ball 3-2: Foul Ball, location: 2F 3-2: Base on Balls
|
|
Batting: RHB Robbie Wine
|
0-0: Ball 1-0: Ball 2-0: Called Strike 2-1: Foul Ball, location: 2F 2-2: Foul Ball, location: 2F 2-2: Strikes out looking
|
|
Batting: SHB Ruben Sierra
|
0-0: Ball 1-0: Swinging Strike 1-1: Called Strike 1-2: Strikes out swinging
|
|
Batting: RHB Robert Mills
|
0-0: Ball 1-0: Ball 2-0: Called Strike 2-1: Called Strike 2-2: Ball 3-2: Strikes out swinging
|
| Bottom of the 2nd over - 0 runs, 0 hits, 0 errors, 1 left on base; Dunedin 0 - Port Lavaca 0 |
| TOP OF THE 3RD |
|
Dunedin Rangers batting - Pitching for Port Lavaca Indians : LHP Lester Strode
|
|
Batting: RHB Ron Gant
|
0-0: SINGLE (Flyball, 89S, EV 88.1 MPH)
|
|
Batting: RHB Jacob Brumfield
|
0-0: Called Strike 0-1: Called Strike 0-2: Ball 1-2: Ball 2-2: Strikes out swinging
|
|
Batting: LHB Mike L Hart
|
0-0: Called Strike 0-1: Swinging Strike 0-2: Ball Balk! Ron Gant to second 1-2: Strikes out swinging
|
|
Batting: RHB Glenn Wilson
|
0-0: Ball 1-0: Swinging Strike 1-1: Swinging Strike 1-2: Strikes out swinging
|
| Top of the 3rd over - 0 runs, 1 hit, 0 errors, 1 left on base; Dunedin 0 - Port Lavaca 0 |
| BOTTOM OF THE 3RD |
|
Port Lavaca Indians batting - Pitching for Dunedin Rangers : RHP Ron Darling
|
|
Batting: LHB Jim Spring
|
0-0: Called Strike 0-1: Swinging Strike 0-2: Fly out, F5 (Popup, 5SF, EV 76.9 MPH)
|
|
Batting: RHB Jeffrey Rhodes
|
0-0: Ground out 6-3 (Groundball, 6, EV 86.9 MPH)
|
|
Batting: LHB William Tirado
|
0-0: Called Strike 0-1: Foul Ball, location: 2F 0-2: TRIPLE (Flyball, 89XD, EV 95.6 MPH)
|
|
Batting: RHB Geoff Petersen
|
0-0: Swinging Strike 0-1: Ball 1-1: Swinging Strike 1-2: Ball 2-2: Ball 3-2: Foul Ball, location: 2F 3-2: Foul Ball, location: 2F 3-2: Foul Ball, location: 2F 3-2: Strikes out swinging
|
| Bottom of the 3rd over - 0 runs, 1 hit, 0 errors, 1 left on base; Dunedin 0 - Port Lavaca 0 |
| TOP OF THE 4TH |
|
Dunedin Rangers batting - Pitching for Port Lavaca Indians : LHP Lester Strode
|
|
Batting: RHB Edgar Martinez
|
0-0: Called Strike 0-1: Foul Ball, location: 2F 0-2: Ball 1-2: Strikes out looking
|
|
Batting: LHB Ty Van Burkleo
|
0-0: Ball 1-0: Called Strike 1-1: Fly out, F6 (Popup, 6, EV 58.1 MPH)
|
|
Batting: RHB John Gibbons
|
0-0: Called Strike 0-1: Called Strike 0-2: DOUBLE (Line Drive, 7LS, EV 105.6 MPH)
|
|
Batting: SHB Todd Benzinger
|
0-0: Ball 1-0: Called Strike 1-1: Ball 2-1: Swinging Strike 2-2: DOUBLE (Line Drive, 78M, EV 113.8 MPH) John Gibbons scores
|
|
Batting: RHB Gary Thurman
|
0-0: Called Strike 0-1: Ball 1-1: Foul Ball, location: 2F 1-2: Ball 2-2: Foul Ball, location: 2F 2-2: Foul Ball, location: 2F 2-2: Foul Ball, location: 2F 2-2: Foul Ball, location: 2F 2-2: Strikes out looking
|
| Top of the 4th over - 1 run, 2 hits, 0 errors, 1 left on base; Dunedin 1 - Port Lavaca 0 |
| BOTTOM OF THE 4TH |
|
Port Lavaca Indians batting - Pitching for Dunedin Rangers : RHP Ron Darling
|
|
Batting: LHB Wally Joyner
|
0-0: Foul Ball, location: 2F 0-1: Foul Ball, location: 2F 0-2: Strikes out swinging
|
|
Batting: SHB John Rigos
|
0-0: Ball 1-0: Foul Ball, location: 2F 1-1: Ball 2-1: Fly out, F3 (Popup, 3SF, EV 89.4 MPH)
|
|
Batting: RHB Robbie Wine
|
0-0: Called Strike 0-1: Ball 1-1: Reached on error, E6 (Groundball, 6, EV 95.0 MPH)
|
|
Batting: SHB Ruben Sierra
|
0-0: Called Strike 0-1: Foul Ball, location: 2F 0-2: Foul Ball, location: 2F 0-2: Ball 1-2: Foul Ball, location: 2F 1-2: Strikes out looking
|
| Bottom of the 4th over - 0 runs, 0 hits, 1 error, 1 left on base; Dunedin 1 - Port Lavaca 0 |
| TOP OF THE 5TH |
|
Dunedin Rangers batting - Pitching for Port Lavaca Indians : LHP Lester Strode
|
|
Batting: RHB Ron Gant
|
0-0: Foul Ball, location: 2F 0-1: Ball 1-1: Ball 2-1: Ground out 4-3 (Groundball, 4, EV 106.9 MPH)
|
|
Batting: RHB Jacob Brumfield
|
0-0: Ball 1-0: Ball 2-0: Foul Ball, location: 2F 2-1: Ground out 5-3 (Groundball, 56S, EV 70.6 MPH)
|
|
Batting: LHB Mike L Hart
|
0-0: Ball 1-0: Ball 2-0: Called Strike 2-1: Foul Ball, location: 2F 2-2: Ball 3-2: Foul Ball, location: 2F 3-2: Base on Balls
|
|
Batting: RHB Glenn Wilson
|
0-0: SINGLE (Groundball, 6D, EV 97.5 MPH) Mike L Hart to second
|
|
Batting: RHB Edgar Martinez
|
0-0: Called Strike 0-1: Ground out U3 (Groundball, 34, EV 86.3 MPH)
|
| Top of the 5th over - 0 runs, 1 hit, 0 errors, 2 left on base; Dunedin 1 - Port Lavaca 0 |
| BOTTOM OF THE 5TH |
|
Port Lavaca Indians batting - Pitching for Dunedin Rangers : RHP Ron Darling
|
|
Batting: RHB Robert Mills
|
0-0: Ball 1-0: Ball 2-0: Ball 3-0: Base on Balls
|
|
Batting: LHB Jim Spring
|
0-0: Fielders Choice at 2nd, 5-4 (Groundball, 15, EV 81.9 MPH)
|
|
Batting: RHB Jeffrey Rhodes
|
0-0: Called Strike 0-1: Ball 1-1: Ball 2-1: Called Strike 2-2: Ball 3-2: Foul Ball, location: 2F 3-2: Strikes out swinging
|
|
Batting: LHB William Tirado
|
0-0: Ball 1-0: Ground out 4-3 (Groundball, 4S, EV 69.4 MPH)
|
| Bottom of the 5th over - 0 runs, 0 hits, 0 errors, 1 left on base; Dunedin 1 - Port Lavaca 0 |
| TOP OF THE 6TH |
|
Dunedin Rangers batting - Pitching for Port Lavaca Indians : LHP Lester Strode
|
|
Batting: LHB Ty Van Burkleo
|
0-0: SINGLE (Line Drive, 3D, EV 104.4 MPH)
|
|
Batting: RHB John Gibbons
|
0-0: Swinging Strike 0-1: Ball 1-1: Swinging Strike 1-2: Strikes out swinging
|
|
Batting: SHB Todd Benzinger
|
0-0: Foul Ball, location: 2F 0-1: Ball 1-1: Foul Ball, location: 2F 1-2: Ball 2-2: Foul Ball, location: 2F 2-2: Strikes out swinging
|
|
Batting: RHB Gary Thurman
|
0-0: Ball 1-0: Foul Ball, location: 2F 1-1: Ball 2-1: Ball 3-1: Foul Ball, location: 2F 3-2: Fly out, F7 (Flyball, 7, EV 82.5 MPH)
|
| Top of the 6th over - 0 runs, 1 hit, 0 errors, 1 left on base; Dunedin 1 - Port Lavaca 0 |
| BOTTOM OF THE 6TH |
|
Port Lavaca Indians batting - Pitching for Dunedin Rangers : RHP Ron Darling
|
|
Batting: RHB Geoff Petersen
|
0-0: Ball 1-0: Swinging Strike 1-1: Ball 2-1: Ball 3-1: Base on Balls
|
|
Batting: LHB Wally Joyner
|
0-0: Ball 1-0: Ball 2-0: Called Strike 2-1: Fly out, F8 (Flyball, 8RM, EV 90.6 MPH)
|
|
Batting: SHB John Rigos
|
0-0: Ball 1-0: Called Strike 1-1: Ball 2-1: Foul Ball, location: 2F 2-2: Ball Pickoff Throw by Catcher to First - Out! 3-2: Strikes out swinging
|
| Bottom of the 6th over - 0 runs, 0 hits, 0 errors, 0 left on base; Dunedin 1 - Port Lavaca 0 |
| TOP OF THE 7TH |
|
Dunedin Rangers batting - Pitching for Port Lavaca Indians : LHP Lester Strode
|
|
Batting: RHB Ron Gant
|
0-0: Ball 1-0: Ball 2-0: Called Strike 2-1: Swinging Strike 2-2: Strikes out swinging
|
|
Batting: RHB Jacob Brumfield
|
0-0: Ground out U3 (Groundball, 3L, EV 84.4 MPH)
|
|
Batting: LHB Mike L Hart
|
0-0: Ball 1-0: Foul Ball, location: 2F 1-1: Ball 2-1: Swinging Strike 2-2: Foul Ball, location: 2F 2-2: SINGLE (Groundball, 4MD, EV 104.4 MPH)
|
|
Batting: RHB Glenn Wilson
|
0-0: Ball 1-0: Ball 2-0: Ball 3-0: Base on Balls Mike L Hart to second
|
|
Batting: RHB Edgar Martinez
|
0-0: Foul Ball, location: 2F 0-1: Ball 1-1: Fly out, F7 (Flyball, 7S, EV 89.4 MPH)
|
| Top of the 7th over - 0 runs, 1 hit, 0 errors, 2 left on base; Dunedin 1 - Port Lavaca 0 |
| BOTTOM OF THE 7TH |
|
Port Lavaca Indians batting - Pitching for Dunedin Rangers : RHP Ron Darling
|
|
Batting: RHB Robbie Wine
|
0-0: Ball 1-0: Ball 2-0: Ball 3-0: Called Strike 3-1: Called Strike 3-2: Strikes out looking
|
|
Batting: SHB Ruben Sierra
|
0-0: Swinging Strike 0-1: Foul Ball, location: 2F 0-2: Strikes out swinging
|
|
Batting: RHB Robert Mills
|
0-0: Called Strike 0-1: Ground out 5-3 (Groundball, 56, EV 83.1 MPH)
|
| Bottom of the 7th over - 0 runs, 0 hits, 0 errors, 0 left on base; Dunedin 1 - Port Lavaca 0 |
| TOP OF THE 8TH |
|
Dunedin Rangers batting - Pitching for Port Lavaca Indians : LHP Lester Strode
|
|
Batting: LHB Ty Van Burkleo
|
0-0: Ball 1-0: Ball 2-0: Called Strike 2-1: Ball 3-1: Swinging Strike 3-2: Ground out 1-3 (Groundball, 15S, EV 72.5 MPH)
|
|
Batting: RHB John Gibbons
|
0-0: Ball 1-0: Ball 2-0: Ball 3-0: Base on Balls
|
|
Batting: SHB Todd Benzinger
|
0-0: Called Strike 0-1: Ball 1-1: Foul Ball, location: 2F 1-2: Foul Ball, location: 2F 1-2: SINGLE (Line Drive, 9S, EV 92.5 MPH) John Gibbons to second Runner from 2nd tries for 3rd, SAFE, throw by RF made to third
|
|
Batting: RHB Gary Thurman
|
0-0: Called Strike 0-1: Ball 1-1: Called Strike 1-2: Foul Ball, location: 2F 1-2: Foul Ball, location: 2F 1-2: Ball 2-2: Ball 3-2: Base on Balls Todd Benzinger to second
|
|
Batting: RHB Ron Gant
|
0-0: Called Strike 0-1: Ball 1-1: Ball 2-1: Grounds into double play, 5-2-3 (Groundball, 5S, EV 67.5 MPH)
|
| Top of the 8th over - 0 runs, 1 hit, 0 errors, 2 left on base; Dunedin 1 - Port Lavaca 0 |
| BOTTOM OF THE 8TH |
|
Port Lavaca Indians batting - Pitching for Dunedin Rangers : RHP Ron Darling
|
|
Batting: LHB Jim Spring
|
0-0: Fly out, F8 (Flyball, 8RD, EV 93.8 MPH)
|
|
Batting: RHB Jeffrey Rhodes
|
0-0: Ground out 6-3 (Groundball, 56, EV 80.0 MPH)
|
|
Batting: LHB William Tirado
|
0-0: Called Strike 0-1: Ball 1-1: Ball 2-1: SINGLE (Line Drive, 78D, EV 106.3 MPH)
|
|
Pinch Hitting: LHB Scott Loseke
|
0-0: Ball 1-0: Ball 2-0: Ball 3-0: Base on Balls William Tirado to second
|
|
Batting: LHB Wally Joyner
|
0-0: Called Strike 0-1: Ball 1-1: Ball 2-1: Ball 3-1: DOUBLE (Line Drive, 3D, EV 101.9 MPH) William Tirado scores Scott Loseke to third
|
|
Batting: SHB John Rigos
|
0-0: Ball 1-0: Swinging Strike 1-1: Foul Ball, location: 2F 1-2: Ball 2-2: Ball 3-2: Base on Balls
|
|
Batting: RHB Robbie Wine
|
0-0: Ball 1-0: Swinging Strike 1-1: Reached on error, E4 (Groundball, 34, EV 91.3 MPH) Scott Loseke scores Wally Joyner to third John Rigos to second
|
|
Batting: SHB Ruben Sierra
|
0-0: Called Strike 0-1: Ball 1-1: Swinging Strike 1-2: Strikes out swinging
|
| Bottom of the 8th over - 2 runs, 2 hits, 1 error, 3 left on base; Dunedin 1 - Port Lavaca 2 |
| TOP OF THE 9TH |
|
Dunedin Rangers batting - Pitching for Port Lavaca Indians : LHP Lester Strode
|
|
Now in RF: Ralph Sheffield
|
|
|
Batting: RHB Jacob Brumfield
|
0-0: Ball 1-0: Ball 2-0: Foul Ball, location: 2F 2-1: Foul Ball, location: 2F 2-2: SINGLE (Groundball, 4MD, EV 103.8 MPH) (infield hit)
|
|
Batting: LHB Mike L Hart
|
0-0: Sac Bunt to P - play at first, batter OUT! 1-3 Jacob Brumfield to second
|
|
Batting: RHB Glenn Wilson
|
0-0: Called Strike 0-1: Ball 1-1: Ball 2-1: Ball 3-1: Called Strike 3-2: SINGLE (Line Drive, 56D, EV 100.6 MPH) Jacob Brumfield to third
|
|
Pitching: RHP Mark Leonette
|
|
|
Pinch Hitting: LHB La Schelle Tarver
|
0-0: Called Strike 0-1: Fielders Choice at 2nd, 4-6 (Groundball, 4, EV 88.1 MPH) Jacob Brumfield scores
|
|
Batting: LHB Ty Van Burkleo
|
0-0: Called Strike 0-1: 2-RUN HOME RUN (Line Drive, 7D, EV 101.9 MPH), Distance : 374 ft
|
|
Batting: RHB John Gibbons
|
0-0: Ball 1-0: Ball 2-0: Swinging Strike 2-1: Ball 3-1: Called Strike 3-2: Strikes out swinging
|
| Top of the 9th over - 3 runs, 3 hits, 0 errors, 0 left on base; Dunedin 4 - Port Lavaca 2 |
| BOTTOM OF THE 9TH |
|
Port Lavaca Indians batting - Pitching for Dunedin Rangers : RHP Ron Darling
|
|
Pitching: RHP Juan Gonzalez
|
|
|
Now at 2B: Craig Goodin
|
|
|
Now at 3B: Danny Andrade
|
|
|
Batting: RHB Robert Mills
|
0-0: Ball 1-0: Ball 2-0: Called Strike 2-1: Ball 3-1: Foul Ball, location: 2F 3-2: Base on Balls
|
|
Batting: LHB Jim Spring
|
0-0: Called Strike 0-1: Foul Ball, location: 2F 0-2: DOUBLE (Flyball, 78D, EV 94.4 MPH) Robert Mills to third
|
|
Pinch Hitting: LHB Antonio Huerta
|
0-0: Ball 1-0: Called Strike 1-1: Ball 2-1: Swinging Strike 2-2: Strikes out swinging
|
|
Batting: LHB William Tirado
|
0-0: Foul Ball, location: 2F 0-1: 3-RUN HOME RUN (Flyball, 9D, EV 105.0 MPH), Distance : 354 ft
|
| Bottom of the 9th over - 3 runs, 2 hits, 0 errors, 0 left on base; Dunedin 4 - Port Lavaca 5 |
|